 Dungeon Crawl Stone Soup version 0.29-a0-972-g43c84944fd (console) character file.

Game seed: 13195542733490516368

2951 CannotBeFrozen the Carver (level 10, -5/106 HPs)
             Began as a Human Gladiator on July 31, 2022.
             Was a Believer of Okawaru.
             Killed from afar by a steam dragon (9 damage)
             ... with a ball of steam
             ... on level 7 of the Dungeon.
             The game lasted 00:30:40 (8983 turns).

CannotBeFrozen the Carver (Human Gladiator)         Turns: 8983, Time: 00:30:41

Health: -5/106     AC: 15    Str: 18    XL:     10   Next: 7%
Magic:  19/21      EV:  9    Int:  8    God:    Okawaru [**....]
Gold:   473        SH: 12    Dex: 16    Spells: 9/9 levels left

rFire   . . .      SeeInvis .   a - +1 scimitar
rCold   . . .      Faith    .   C - +0 kite shield
rNeg    . . .      Spirit   .   w - +0 chain mail
rPois   +          Reflect  .   c - +0 helmet
rElec   .          Harm     .   j - +2 cloak {rPois}
rCorr   .          Rampage  .   (no gloves)
Will    .....                   (no boots)
Stlth   ..........              f - amulet of the acrobat
HPRegen 0.27/turn               x - ring of magical power
MPRegen 0.17/turn               B - ring of flight

@: berserking, heroic, flying, very quick
A: no striking features
a: Renounce Religion, Heroism


You were on level 7 of the Dungeon.
You worshipped Okawaru.
Okawaru was pleased with you.
You visited 2 branches of the dungeon, and saw 8 of its levels.
You also visited: Sewer.

You collected 473 gold pieces.

Inventory:

Hand Weapons
 a - a +1 scimitar (weapon)
 b - a +2 dagger of venom
 n - the +9 spear "Pishas" {venom, Will+++ Str-4 Int+3 Dex+2}
   (You found it on level 4 of the Dungeon)

   It poisons the flesh of those it strikes.
   Str:       It affects your strength (-4).
   Int:       It affects your intelligence (+3).
   Dex:       It affects your dexterity (+2).
   Will:      It greatly increases your willpower.
Missiles
 d - 3 throwing nets {=f=F}
 o - 4 javelins (quivered)
 p - a boomerang
 q - 29 stones
 D - 3 poisoned darts
Armour
 c - a +0 helmet (worn)
 j - a +2 cloak of poison resistance (worn)
 w - a +0 chain mail (worn)
 z - a scarf of invisibility
 C - a +0 kite shield (worn)
Jewellery
 f - an amulet of the acrobat (around neck)
 g - a ring of fire
 x - a ring of magical power (left hand)
 B - a ring of flight (right hand)
Wands
 u - a wand of paralysis (17)
 A - a wand of flame (23)
 F - a wand of iceblast (8)
Potions
 e - 5 potions of attraction
 h - a potion of berserk rage
 i - 2 potions of heal wounds {@q2}
 k - a potion of curing {@q1}
 l - a potion of lignification {unknown}
 m - 3 potions of resistance
 r - a potion of invisibility {unknown}
 s - 2 potions of cancellation
 t - 2 potions of haste {unknown}
 v - a potion of mutation {unknown}


   Skills:
 + Level 3.9(8.9) Fighting
 * Level 10.7(15.7) Long Blades
 - Level 2.0(7.0) Throwing
 - Level 3.0(8.0) Armour
 - Level 3.0(8.0) Dodging
 + Level 6.1(11.1) Shields
 - Level 3.0 Invocations


You had 9 spell levels left.
You didn't know any spells.
Your spell library contained the following spells:

 Spells                   Type           Power      Damage    Failure   Level
 Sandblast                Erth           0%         2d4       100%        1
 Shock                    Conj/Air       0%         1d3       100%        1
 Passwall                 Tmut/Erth      0%         N/A       100%        2
 Frozen Ramparts          Ice            0%         1d2       100%        3
 Stone Arrow              Conj/Erth      0%         3d7       100%        3
 Swiftness                Air            0%         N/A       100%        3
 Airstrike                Air            0%         0-1+      100%        4
 Ice Form                 Ice/Tmut       0%         N/A       100%        4
 Summon Ice Beast         Ice/Summ       Unusable   N/A       N/A         4

Dungeon Overview and Level Annotations

Branches:
Dungeon (7/15)             Temple (1/1) D:4           Sewer (visited)

Altars:
Ashenzari
Cheibriados
Kikubaaqudgha
Makhleb
Okawaru
Qazlal
Ru
Sif Muna
Trog
Uskayaw
Vehumet
Xom
Yredelemnul
Zin
The Shining One

Annotations:
D:5 1 runed translucent door, Libelnon's ghost, weakling HuDe; Sigmund
D:7 flt's ghost, novice DgTm


Message History

The ball of steam misses you.
You hear an angry buzzing noise.
The killer bee buzzes angrily.
You gain the combat prowess of a mighty hero.
The steam dragon barely misses you. You block the steam dragon's attack.
MP: 19/21 (-2)
You hit the steam dragon.
The steam dragon is lightly wounded.
The killer bee stings you but does no damage.
You hit the steam dragon.
The steam dragon is moderately wounded.
You block the killer bee's attack. The steam dragon bites you.
* * * LOW HITPOINT WARNING * * *
You block the steam dragon's attack.
The killer bee stings you but does no damage.
HP: 16/71 (-3) ==---------- The killer bee attacks as you move away!
The killer bee barely misses you. The steam dragon breathes steam at you.
The ball of steam misses you.
The killer bee is engulfed in a cloud of scalding steam.
The killer bee misses you.
You closely miss the steam dragon.
The steam dragon is moderately wounded.
You are engulfed in a cloud of scalding steam.
The killer bee stings you.
* * * LOW HITPOINT WARNING * * *
You block the steam dragon's attack.
The steam dragon claws you but does no damage.
HP: 11/71 (-5) =----------- A red film seems to cover your vision as you go berserk!
You feel yourself moving faster!
You feel mighty!
You are engulfed in a cloud of scalding steam.
* * * LOW HITPOINT WARNING * * *
The killer bee stings you!
* * * LOW HITPOINT WARNING * * *
You block the killer bee's attack. The steam dragon breathes steam at you.
The ball of steam hits you!
You die...

*,*,* *,,,,* **,,* ******+****** ,,,,* *,,,,* *,,*
*,,,* *,****************,,,,*****,***********,*
*,,,,,,,,,,,,,,,,,,,,,,.......,,,,,,,,,>*
*********************,,,.....#*********** *
***,,,***....# * ***,,,***,,#...# ******
******,,,****,*,#...# ######### ,,,,,**
**,,,,,,***,,*,*,#...# #.......#
****,,***,,,,,****,*,*,*,#.D§# #.......###
**,*,,,,,***,,*,*,*,*,#.y@# #.......'.#
*,,,,,,,**,,**,**,*,*,#.§§# #.......#.#
*,*,,,***,,*,****,*,*,#...# #.......#.#
***,,,***,,***,,****,**,#...####.......#.#############
**,,,***,,,,*
*,,,******,#...)))......###.............#
,,,***,,,,*,*
*,,,*,,****#...####...###*#############.#
,***,,,*,*,,* *,***,,,,**#......#...# *,,,,,,,* #.#
,,,,,,*,*,*,* *,*,,,*,,,,#......#...###,*,*,*,* #<#
,***,,,*,*,,* *,,,***,,**#......#...#<#,*,*,*,* ###
,,,***,,,,*,* *,,**,,****#...####...#.#,*,*,*,*
**,,,***,,,,* *,*******,,#...# #...#.#,*,*,*,*


You could see a steam dragon (catching breath) and a killer bee.

Vanquished Creatures
  Pikel (D:6)
  Prince Ribbit (D:6)
  A steam dragon (D:6)
  3 water moccasins
  A black bear (D:4)
  An ice beast (D:6)
  An orc warrior (D:7)
  A sky beast (D:6)
  An ogre (D:3)
  A lemure (D:6)
  2 phantoms (D:5)
  Blork the orc (D:5)
  A bullfrog (D:6)
  2 necrophages
  2 scorpions (D:4)
  5 wights (D:7)
  2 killer bees (D:7)
  A howler monkey (D:5)
  A jelly (D:4)
  A hound (D:6)
  A gnoll bouda (D:5)
  Terence (D:3)
  2 iguanas
  Natasha (thrice) (D:2)
  An orc wizard (D:6)
  4 gnolls
  10 adders
  2 ufetubi
  2 worms
  2 dart slugs
  3 orcs (D:6)
  8 bats
  7 endoplasms
  A giant cockroach (D:3)
  3 goblins
  7 hobgoblins
  7 jackals
  4 quokkas
  8 ball pythons
  2 frilled lizards (D:2)
  9 kobolds
  7 rats
124 creatures vanquished.

Vanquished Creatures (others)
  A plant (D:6)
1 creature vanquished.

Grand Total: 125 creatures vanquished

Notes
Turn   | Place    | Note
-------+----------+-------------------------------------------
     0 | D:1      | CannotBeFrozen the Human Gladiator began the quest for the
                  | Orb.
     0 | D:1      | Reached XP level 1. HP: 16/16 MP: 1/1
   172 | D:1      | Reached XP level 2. HP: 16/22 MP: 2/2
   826 | D:1      | Reached skill level 4 in Long Blades
   826 | D:1      | Reached XP level 3. HP: 27/27 MP: 3/3
  1254 | D:2      | Noticed Natasha
  1274 | D:2      | Killed Natasha
  1275 | D:2      | Reached skill level 5 in Long Blades
  1275 | D:2      | Reached XP level 4. HP: 12/33 MP: 4/4
  1329 | D:2      | Noticed Natasha
  1544 | D:2      | Killed Natasha
  1632 | D:2      | Noticed Natasha
  1653 | D:2      | Killed Natasha
  1654 | D:2      | Reached XP level 5. HP: 4/38 MP: 5/5
  1963 | D:2      | Found a faded altar of an unknown god.
  2939 | D:3      | Noticed an ogre
  3149 | D:3      | Found an iron altar of Okawaru.
  3157 | D:3      | Became a worshipper of Warmaster Okawaru
  3294 | D:3      | Noticed Terence
  3380 | D:4      | Reached skill level 6 in Long Blades
  3716 | D:4      | Noticed a black bear
  3926 | D:4      | Killed a black bear
  3927 | D:4      | Reached XP level 6. HP: 18/44 MP: 6/6
  4172 | D:4      | Reached skill level 7 in Long Blades
  4259 | D:4      | Found a staircase to the Ecumenical Temple.
  4266 | Temple   | Entered the Ecumenical Temple
  4497 | D:4      | Reached XP level 7. HP: 41/50 MP: 7/7
  4565 | D:4      | Found a sacrificial altar of Ru.
  4799 | D:4      | Identified the +9 spear "Pishas" {venom, Will+++ Str-4
                  | Int+3 Dex+2}
  5067 | D:5      | Entered Level 5 of the Dungeon
  5075 | D:5      | Reached * piety under Okawaru
  5076 | D:5      | Reached skill level 8 in Long Blades
  5137 | D:5      | Noticed Libelnon's ghost (weakling HuDe)
  5137 | D:5      | Found a runed translucent door.
  5147 | D:5      | Noticed Blork the orc
  5160 | D:5      | Killed Blork the orc
  5208 | D:5      | Found a glowing drain.
  5212 | Sewer    | Entered a sewer
  5276 | Sewer    | Noticed a water moccasin
  5291 | Sewer    | Killed a water moccasin
  5292 | Sewer    | Reached skill level 1 in Invocations
  5292 | Sewer    | Reached XP level 8. HP: 27/56 MP: 9/9
  5539 | D:5      | Noticed Sigmund
  5681 | D:3      | Killed Terence
  5779 | D:3      | Found an ancient bone altar of Kikubaaqudgha.
  5784 | D:3      | Found a stormy altar of Qazlal.
  5798 | D:3      | Found a glowing golden altar of the Shining One.
  6101 | D:4      | Reached skill level 9 in Long Blades
  7223 | D:6      | Reached skill level 1 in Armour
  7223 | D:6      | Reached skill level 1 in Shields
  7586 | D:6      | Reached XP level 9. HP: 9/61 MP: 11/11
  8163 | D:6      | Noticed Pikel
  8192 | D:6      | Killed Pikel
  8192 | D:6      | Reached ** piety under Okawaru
  8193 | D:6      | Reached skill level 5 in Shields
  8434 | D:6      | Reached skill level 10 in Long Blades
  8582 | D:6      | Noticed Prince Ribbit
  8593 | D:6      | Killed Prince Ribbit
  8713 | D:7      | Noticed flt's ghost (novice DgTm)
  8713 | D:7      | Noticed a two-headed ogre
  8715 | D:7      | Noticed a brown ugly thing
  8930 | D:7      | Reached XP level 10. HP: 28/71 MP: 12/12
  8983 | D:7      | HP: 4/106 [killer bee (7)]
  8983 | D:7      | Killed from afar by a steam dragon

Illustrated notes

Levels and vault maps discovered:
D:1:      matt_arrival_refuge, layout_loops_ring, minmay_misc_feat_iff
D:2:      minmay_wonky_spiral, layout_basic,
          shapermc_ecumenical_altar_mp_highgroup, minivault_23, uniq_natasha
D:3:      layout_loops_ring, mainiacjoe_overflow_six_doors_small,
          grunt_temple_overflow_open, uniq_terence
D:4:      layout_cave_pods, mainiacjoe_overflow_24_doors,
          minmay_temple_entry_wispy
D:5:      layout_cave_pools, gup_sewer_entry_bowl,
          hellmonk_ghost_happy_afterlife, dreamdust_princess_corridor,
          uniq_sigmund, uniq_blork_the_orc
D:6:      layout_loops_ring, st_stairs_8, minivault_25, serial_bayou_pond_c,
          kennysheep_crisscross, minmay_holes, roderic_st_hans_cross,
          uniq_prince_ribbit1, uniq_pikel
D:7:      minmay_the_grid_triangle_9x9_recursive_2
          [minmay_the_grid_triangle_9x9_prize_schism,
          minmay_the_grid_triangle_9x9_negative_grid,
          minmay_the_grid_triangle_9x9_impossible_snake,
          minmay_the_grid_triangle_9x9_limited_checkers], layout_basic,
          mainiacjoe_overflow_concentric_impassable,
          mainiacjoe_overflow_surrounded_room, nicolae_elyvilon_temple_path,
          enter_bailey_5, gammafunk_ghost_split
Temple:   zaba_magenta_temple

Skill      XL: |  1  2  3  4  5  6  7  8  9 10 |
---------------+-------------------------------+-----
Long Blades    | 4 5 6 7 8 9 10 | 10.7
Invocations    | 1 3 |  3.0
Armour         | 2 3 |  3.0
Shields        | 2 5 6 |  6.1
Fighting       | 3 |  3.9
Throwing       | |  2.0
Dodging        | |  3.0

Action                   |  1- 3 |  4- 6 |  7- 9 | 10-12 || total
-------------------------+-------+-------+-------+-------++-------
Melee: Long sword        |    81 |   145 |   160 |       ||   386
       Punch             |       |       |     2 |       ||     2
       Scimitar          |       |       |   124 |    12 ||   136
Throw: Stone             |    14 |     3 |       |       ||    17
       Javelin           |     2 |     9 |     9 |     4 ||    24
       Boomerang         |       |     6 |    27 |     2 ||    35
Invok: Heroism           |       |       |     4 |     2 ||     6
Evoke: Wand              |       |       |     3 |       ||     3
  Use: Potion            |       |     2 |       |     2 ||     4
       Scroll            |       |     7 |     5 |       ||    12
 Stab: Paralysed         |       |       |    11 |       ||    11
Armor: Leather armour    |    29 |     6 |       |       ||    35
       Chain mail        |       |    54 |   134 |    10 ||   198
       Ring mail         |       |    18 |       |       ||    18
Dodge: Dodged            |    46 |   145 |    93 |    12 ||   296
Block: Kite shield       |       |       |    63 |    14 ||    77

Table legend: (Time is in decaauts)
 A = Elapsed time spent in this place.
 B = Non-inter-level travel time spent in this place.
 C = Inter-level travel time spent in this place.
 D = Time resting spent in this place.
 E = Time spent auto-exploring this place.
 F = Levels seen in this place.
 G = Mean time per level.
                   A        B        C        D        E       F      G
               +--------+--------+--------+--------+--------+-----+--------+
         Total |   9060 |   8643 |    417 |   2494 |   3884 |   9 | 1006.7 |
       Dungeon |   8687 |   8289 |    398 |   2494 |   3689 |   7 | 1241.0 |
        Temple |     77 |     58 |     19 |      0 |     53 |   1 |   77.0 |
         Sewer |    295 |    295 |      0 |      0 |    142 |   1 |  295.0 |
               +--------+--------+--------+--------+--------+-----+--------+

Top non-repeatable levels by time:
     D:4: 2058 daAuts
     D:2: 1713 daAuts
     D:6: 1620 daAuts
     D:1: 1138 daAuts
     D:3: 1124 daAuts
     D:5: 867 daAuts
   Sewer: 295 daAuts
     D:7: 165 daAuts
  Temple: 77 daAuts
